 Dungeon Crawl Stone Soup version 0.29-a0-319-gad05b8d819 (webtiles) character file.

Game seed: 1356141808151755458

57 Rohain the Shooter (level 4, 39/39 HPs)
             Began as a Mayflytaur Wanderer on Apr 2, 2022.
             Tarried too long and was consumed by Zot
             ... on level 2 of the Dungeon.
             The game lasted 00:01:58 (1199 turns).

Rohain the Shooter (Mayflytaur Wanderer)            Turns: 1199, Time: 00:01:59

Health: 39/39      AC:  4    Str: 15    XL:     4   Next: 0%
Magic:  10/10      EV: 11    Int: 13    God:
Gold:   57         SH:  0    Dex: 14    Spells: 9/9 levels left

rFire   . . .      SeeInvis .   b - +0 spear
rCold   . . .      Faith    .   (no shield)
rNeg    . . .      Spirit   .   e - +0 leather armour
rPois   .          Reflect  .   (no helmet)
rElec   .          Harm     .   c - +0 cloak
rCorr   .          Rampage  .   (no gloves)
Will    .....                   (no boots)
Stlth   ++........              (no amulet)
HPRegen 0.13/turn               (no ring)
MPRegen 0.12/turn               (no ring)

@: flying, bezotted
A: damage resistance, big wings, sense surroundings 1, short lifespan
a: no special abilities


You were on level 2 of the Dungeon.
You visited 1 branch of the dungeon, and saw 2 of its levels.

You collected 57 gold pieces.

Inventory:

Hand Weapons
 a - a +2 shortbow
 b - a +0 spear (weapon)
Armour
 c - a +0 cloak (worn)
 e - a +0 leather armour (worn)
Scrolls
 f - a scroll of identify
Potions
 d - a potion of lignification
 g - a potion of cancellation {unknown}


   Skills:
 + Level 1.9 Fighting
 + Level 2.4 Polearms
 + Level 6.3 Bows
 + Level 2.4 Stealth
 + Level 3.3 Spellcasting


You had 9 spell levels left.
You didn't know any spells.
Your spell library was empty.

Dungeon Overview and Level Annotations

Branches:
Dungeon (2/15)

Altars:

Shops:
D:1 :


Innate Abilities, Weirdness & Mutations

You are resistant to damage.
Your large and strong wings let you fly.
You passively map a small area around you.
You are easily found by Zot.


Message History

There is an open door here.
You now have 57 gold pieces (gained 3).
You see here a +0 dagger.
You see here a +0 whip.
You see here a +0 short sword.
There is an open door here.
There is an open door here.
There is an open door here.
There is an open door here.
There is an open door here.
There is an open door here.
Zot has nearly found you.
Death is approaching.
Descend or flee this branch!
There is a faded altar of an unknown god here.
There is a stone staircase leading down here.
You fly downwards.
There is a stone staircase leading up here.
A goblin comes into view. It is wielding a +0 club.
A goblin is nearby!
The goblin shouts!
The goblin unwields a +0 club.
The goblin wields a +0 hunting sling.
The goblin shoots a sling bullet.
The sling bullet hits you.
The goblin shoots a sling bullet.
The sling bullet hits you.
The goblin shoots a sling bullet.
The sling bullet hits you.
You reach to attack!
You closely miss the goblin.
The goblin shoots a sling bullet.
The sling bullet hits you but does no damage.
You reach to attack!
You hit the goblin.
You kill the goblin!
You have reached level 4!
Things that are here:
a +0 hunting sling; a +0 club; a goblin corpse
Found a robe.
No target in view!
You see here a +0 robe.
A rat comes into view.
A rat is nearby!
A quokka comes into view. 2 endoplasms come into view.
Zot has found you!
You die...

, #...).....# *, .......
#.#######.# , ,.......
#[# #.# ....... #.# #.#
.J.....* #.# #.# ...J...
#.# #.# , ...r... #.#
#.#### *
,.....r.####.#######.....
.......@.........######.
###+############.# #. #.#
#. * #.# #. #.# #. ,* #.#
####. #.# #.... * #.#
#.### ** #######.###.##


You could see 2 endoplasms, a quokka and a rat.

Vanquished Creatures
  2 gnolls (D:1)
  A dart slug (D:1)
  3 endoplasms
  A giant cockroach (D:1)
  4 goblins
  5 hobgoblins (D:1)
  4 kobolds (D:1)
  2 quokkas (D:1)
  3 ball pythons (D:1)
  5 bats (D:1)
  2 frilled lizards (D:1)
  2 rats (D:1)
34 creatures vanquished.

Notes
Turn   | Place    | Note
-------+----------+-------------------------------------------
     0 | D:1      | Rohain the Mayflytaur Wanderer began the quest for the Orb.
     0 | D:1      | Rohain set off with the following items: a +2 shortbow, a
                  | +0 spear, a +0 cloak, a potion of lignification, a +0
                  | leather armour
     0 | D:1      | Reached XP level 1. HP: 18/18 MP: 5/5
     8 | D:1      | Noticed a merfolk zombie
    18 | D:1      | Noticed a demonspawn zombie
   100 | D:1      | Glimpsed the power of Zot.
   104 | D:1      | Found a faded altar of an unknown god.
   144 | D:1      | Reached XP level 2. HP: 24/25 MP: 6/6
   366 | D:1      | Reached XP level 3. HP: 30/31 MP: 8/8
   544 | D:1      | Found Teb Beso's Book Shop.
   699 | D:1      | Glimpsed the power of Zot.
  1099 | D:1      | Glimpsed the power of Zot.
  1177 | D:2      | Reached XP level 4. HP: 39/39 MP: 10/10
  1198 | D:2      | Glimpsed the power of Zot.
  1199 | D:2      | Tarried too long and was consumed by Zot

Illustrated notes

Levels and vault maps discovered:
D:1:      shiori_arrival_whats_in_store_for_you, layout_basic,
          hellmonk_ecumenical_altar_pennies_from_heaven, serial_shops, shop
D:2:      layout_basic, uniq_terence, uniq_robin

Skill      XL: |  1  2  3 |
---------------+----------+-----
Spellcasting   | 3 |  3.3
Polearms       | 2 |  2.4
Stealth        | 2 |  2.4
Fighting       | |  1.9
Bows           | |  6.3

Action                   |  1- 3 |  4- 6 || total
-------------------------+-------+-------++-------
Melee: Spear             |   130 |       ||   130
  Use: Scroll            |     1 |       ||     1
 Stab: Sleeping          |     4 |       ||     4
Armor: Leather armour    |    41 |       ||    41
Dodge: Dodged            |    63 |       ||    63

Table legend: (Time is in decaauts)
 A = Elapsed time spent in this place.
 B = Non-inter-level travel time spent in this place.
 C = Inter-level travel time spent in this place.
 D = Time resting spent in this place.
 E = Time spent auto-exploring this place.
 F = Levels seen in this place.
 G = Mean time per level.
                   A        B        C        D        E       F      G
               +--------+--------+--------+--------+--------+-----+--------+
         Total |   1199 |   1199 |      0 |     72 |    824 |   2 |  599.5 |
       Dungeon |   1199 |   1199 |      0 |     72 |    824 |   2 |  599.5 |
               +--------+--------+--------+--------+--------+-----+--------+

Top non-repeatable levels by time:
     D:1: 1108 daAuts
     D:2: 91 daAuts
